 Dungeon Crawl Stone Soup version 0.17.1-1-g73c8601 (webtiles) character file.

666 Reinor the Covert (level 7, -5/55 HPs)
             Began as a Vampire Assassin on Jan 8, 2016.
             Slain by a slave (6 damage)
             ... led by Pikel
             ... on level 5 of the Dungeon.
             The game lasted 00:17:26 (3318 turns).

Reinor the Covert (Vampire Assassin)                Turns: 3318, Time: 00:17:26

Health: -5/55      AC:  5    Str: 10    XL:     7   Next: 31%
Magic:  7/7        EV: 11    Int: 13    God:
Gold:   255        SH:  0    Dex: 18    Spells: 0 memorised, 6 levels left

rFire  . . .     SeeInvis +     h - +2 short sword (distort)
rCold  . . .     Clarity  .     m - +0 robe
rNeg   + . .     SustAt   .     (no shield)
rPois  .         Gourm    .     s - +1 helmet
rElec  .         Spirit   .     d - +0 cloak
rCorr  .         Warding  .     (no gloves)
rMut   .         Stasis   +     (no boots)
MR     .....                    n - amulet of stasis
Stlth  ++++......               (no ring)
                                (no ring)

@: drained, not resistant to hostile enchantments, stealthy
A: fangs 3, see invisible, unbreathing
a: Bat Form


You were on level 5 of the Dungeon.
You were not thirsty.

You visited 1 branch of the dungeon, and saw 5 of its levels.

You collected 255 gold pieces.

Inventory:

Hand Weapons
 a - a +2 dagger
 b - a +0 blowgun
 h - a +2 short sword of distortion (weapon)
 A - a cursed +2 long sword
Missiles
 e - 24 poisoned needles
 f - 2 curare-tipped needles
 w - a throwing net (quivered)
Armour
 d - a +0 cloak (worn)
 k - a +2 shield
 m - a +0 robe (worn)
 s - a +1 helmet (worn)
Jewellery
 n - an amulet of stasis (around neck)
Wands
 c - a wand of flame (41)
Scrolls
 j - a scroll of fog
 l - a scroll of fear
 o - a scroll of recharging
 x - a scroll of remove curse
 y - 3 scrolls of teleportation
Potions
 i - 2 potions of agility
 p - a potion of poison {unknown}
 q - a potion of might {unknown}
 r - a potion of curing
 t - a potion of mutation {unknown}
 u - 2 potions of cancellation
 v - a potion of heal wounds {unknown}


   Skills:
 + Level 4.8(4.0) Fighting
 - Level 6.0(5.2) Short Blades
 - Level 1.5(0.8) Throwing
 - Level 1.1(0.3) Dodging
 - Level 8.1(7.2) Stealth


You had 6 spell levels left.
You didn't know any spells.

Dungeon Overview and Level Annotations

Branches:
Dungeon (5/15)
 Temple: D:4-7

Altars:
Fedhas
Gozag

Annotations:
D:5 exclusion: oklob plant, Pikel


Innate Abilities, Weirdness & Mutations

You have razor-sharp teeth.
You have supernaturally acute eyesight.
You can survive without breathing.


Message History

The slave closely misses you. The slave barely misses you.
Drink which item? (? for menu, Esc to quit)
It was a potion of curing.
You feel better. The slave hits you.
* * * LOW HITPOINT WARNING * * *
Pikel zaps a wand.
The bolt of negative energy misses you. The slave misses you.
Evoke which item? (* to show all) (? for menu, Esc to quit)
Zapping:
c - a wand of flame (42)
Press: ? - help, Shift-Dir - straight line, f - Pikel
Aim: Pikel, wielding a whip of electrocution, wearing a robe and carrying a wand of draining {zapped: 5} (heavily wounded)
The puff of flame misses Pikel.
This wand has 41 charges left.
The slave closely misses you.
Pikel zaps a wand.
The bolt of negative energy hits you! You partially resist.
You feel drained.
* * * LOW HITPOINT WARNING * * *
The slave closely misses you. Pikel barely misses you.
You hit Pikel.
Space warps horribly around Pikel!
Pikel is almost dead.
The slave hits you.
You die... .P.P##P##..###### PP### PP#.#.....# PP#

P##.#.....# ###
#.#.....## #
##........##
########...#####..#####
.........####.........#
..........# #.[.p.....#
..(........##..p@.....#
...........##....K....#
...........##.........#
...........##.........#
...........##.........#
..........#######.#####
.........# #.# #......#
##.#### #
#...<.>###.....#


You could see Pikel and 2 slaves.

Vanquished Creatures
  A slave (D:5)
  An ogre (D:4)
  3 wights (D:5)
  The ghost of antares the Magician, a weakling DEWz (D:3)
  A giant frog skeleton (D:5)
  2 hounds (D:4)
  Crazy Yiuf (D:3)
  An orc wizard (D:5)
  Natasha (thrice) (D:4)
  3 worker ants
  Robin (D:3)
  3 adders
  3 gnolls (D:4)
  2 oozes
  3 worms
  An adder skeleton (D:5)
  3 orcs
  8 hobgoblins
  9 jackals
  A ball python (D:1)
  8 bats
  2 giant cockroaches
  A giant gecko (D:3)
  A giant gecko skeleton (D:3)
  13 goblins
  4 kobolds
  7 rats
  A bush (D:2)
88 creatures vanquished.

Vanquished Creatures (others)
  A slave (D:5)
  A wight (D:5)
  A giant gecko (D:2)
  A giant cockroach (D:4)
  A bush (D:2)
  2 plants (D:2)
  12 toadstools (D:5)
19 creatures vanquished.

Grand Total: 107 creatures vanquished

Notes
Turn   | Place    | Note
--------------------------------------------------------------
     0 | D:1      | Reinor the Vampire Assassin began the quest for the Orb.
     0 | D:1      | Reached XP level 1. HP: 16/16 MP: 1/1
    85 | D:1      | Reached skill level 6 in Stealth
    97 | D:1      | Reached XP level 2. HP: 22/22 MP: 2/2
   322 | D:1      | Reached skill level 7 in Stealth
   570 | D:2      | Reached XP level 3. HP: 27/27 MP: 3/3
   920 | D:2      | Reached skill level 8 in Stealth
  1325 | D:3      | Noticed antares's ghost (weakling DEWz)
  1337 | D:3      | Killed antares's ghost
  1337 | D:3      | Reached XP level 4. HP: 30/33 MP: 4/4
  1351 | D:3      | Noticed Robin
  1382 | D:3      | Killed Robin
  1704 | D:3      | Noticed Crazy Yiuf
  1714 | D:3      | Killed Crazy Yiuf
  1714 | D:3      | Reached XP level 5. HP: 27/38 MP: 5/5
  2189 | D:4      | Noticed an ogre
  2197 | D:4      | Killed an ogre
  2197 | D:4      | Reached skill level 5 in Short Blades
  2289 | D:4      | Reached XP level 6. HP: 44/44 MP: 6/6
  2457 | D:4      | Noticed Natasha
  2463 | D:4      | Killed Natasha
  2484 | D:4      | Found an opulent altar of Gozag.
  2537 | D:4      | Noticed Natasha
  2839 | D:4      | Killed Natasha
  2947 | D:4      | Noticed Natasha
  2950 | D:4      | Killed Natasha
  2969 | D:5      | Entered Level 5 of the Dungeon
  3069 | D:5      | Reached XP level 7. HP: 49/53 MP: 7/7
  3232 | D:5      | Found a blossoming altar of Fedhas.
  3251 | D:5      | Noticed an oklob plant
  3296 | D:5      | Noticed Pikel
  3316 | D:5      | HP: 1/55 [Pikel/wand of draining (12)]
  3318 | D:5      | Slain by a slave

Action                   |  1- 3 |  4- 6 |  7- 9 || total
-------------------------+-------+-------+-------++-------
Melee: Dagger            |    44 |       |       ||    44
       Short sword       |    79 |    93 |    34 ||   206
Evoke: Wand              |       |       |     1 ||     1
  Use: Scroll            |     8 |       |     2 ||    10
       Potion            |       |       |     2 ||     2
 Stab: Sleeping          |    16 |     8 |     1 ||    25
       Distracted        |       |     1 |     1 ||     2
  Eat: Corpse            |     7 |     6 |       ||    13
